Map: Nightscape LE

Players

Massa

  • Race: Terran Terran
  • League: Platinum
  • Spawn Location: 7:00

qqq

  • Race: Terran Terran
  • Spawn Location: 7:00

AKMujahid

  • Race: Terran Terran
  • Spawn Location: 1:00

Blinki

  • Race: Protoss Protoss
  • Spawn Location: 1:00

VOD

Have the link to the VOD?

Description

Time

  • Played on: Nov. 7, 2020, 4:29 p.m.
  • Length: 10:15
Show
View Real Time Build Order
Export as new Build Order

Massa Terran 

Build Orders: Gas First Reaper Expand 

Get SALT Encoding   

  12  0:00  SCV  
  13  0:12  SCV  
  14  0:22  Supply Depot  
  14  0:24  SCV  
  15  0:29  Refinery  
  15  0:43  SCV  
  15  0:45  Barracks  
  16  0:55  SCV  
  17  1:25  SCV  
  19  1:40  Command Center  
  19  1:41  Orbital Command  
  19  1:43  Reaper  
  19  2:08  SCV  
  19  2:15  Marine  
  21  2:33  Barracks  
  21  2:41  Supply Depot  
  21  2:42  Barracks Reactor, SCV  
  22  2:54  SCV  
  22  2:56  Barracks, Engineering Bay  
  22  2:57  Refinery  
  23  3:00  Orbital Command  
  23  3:06  SCV  
  24  3:18  SCV  
  25  3:31  Marine x2  
  27  3:47  Factory  
  27  3:49  Marine x2  
  27  3:55  Barracks Tech Lab  
  29  3:56  Missile Turret  
  29  4:07  Marine  
  30  4:19  Missile Turret  
  30  4:20  Barracks Tech Lab, Marine  
  30  4:22  Marauder  
  33  4:25  Marine  
  33  4:26  Stimpack  
  33  4:27  SCV  
  33  4:28  SCV  
  33  4:31  Missile Turret  
  36  4:33  Factory Reactor  
  36  4:35  Factory Tech Lab  
  35  4:39  SCV  
  35  4:40  SCV  
  37  4:47  Combat Shield  
  37  4:52  SCV x2, Missile Turret  
  39  5:02  Siege Tank  
  39  5:04  SCV x2  
  44  5:12  Missile Turret  
  44  5:16  SCV x2  
  46  5:25  Supply Depot  
  46  5:26  Supply Depot  
  46  5:40  Barracks  
  46  5:41  Refinery  
  46  5:43  Refinery  
  46  5:46  SCV, Marine x2  
  46  5:47  Marauder x2  
  53  5:59  Missile Turret  
  53  6:02  Cyclone  
  55  6:04  Marine  
  55  6:06  Concussive Shells  
  55  6:08  Marauder  
  55  6:11  Missile Turret  
  58  6:22  Starport, Terran Infantry Weapons Level 1  
  58  6:27  Barracks Reactor  
  58  6:32  Missile Turret  
  57  7:03  Marauder x2, Marine  
  62  7:12  Supply Depot x2  
  62  7:13  Supply Depot  
  62  7:33  Marine x4, Medivac  
  62  7:34  Marauder  
  70  7:37  Supply Depot  
  70  7:38  Supply Depot  
  70  7:40  Supply Depot  
  69  7:51  Marine x2  
  69  7:55  Cyclone  
  69  7:56  Marauder x2, Marine x2  
  80  8:02  Supply Depot  
  80  8:04  Starport Reactor  
  80  8:10  Supply Depot  
  80  8:11  Armory  
  80  8:16  Terran Infantry Armor Level 1  
  80  8:27  Cyclone, Missile Turret  
  83  8:34  Supply Depot  
  83  8:41  Marauder  
  85  8:44  Marauder, Marine  
  85  8:46  Marine  
  85  8:48  Missile Turret  
  89  8:57  Supply Depot  
  89  9:05  SCV x2  
  89  9:09  Missile Turret  
  91  9:17  SCV x2  
  91  9:23  Supply Depot  
  93  9:29  SCV x2, Missile Turret  
  95  9:41  SCV  
  96  9:48  Supply Depot  
Show
View Real Time Build Order
Export as new Build Order

qqq Terran 

Build Orders:  

Get SALT Encoding   

  12  0:00  SCV  
  13  0:15  SCV  
  14  0:27  SCV  
  14  0:28  Supply Depot  
  15  0:49  SCV  
  16  0:57  Barracks  
  16  0:59  Refinery  
  16  1:02  SCV  
  17  1:13  Refinery  
  17  1:14  SCV  
  18  1:26  SCV  
  19  1:38  SCV  
  19  1:47  Supply Depot  
  19  1:50  SCV, Marine  
  21  2:02  SCV  
  21  2:03  Factory  
  22  2:09  Marine  
  22  2:14  SCV  
  24  2:26  SCV  
  24  2:28  Marine  
  26  2:38  SCV, Command Center  
  27  2:52  Starport  
  27  3:00  Factory Tech Lab  
  27  3:06  Barracks Reactor  
  27  3:08  Orbital Command  
  27  3:21  Starport  
  27  3:29  Siege Tank  
  27  3:32  Starport Tech Lab  
  30  3:35  SCV  
  31  3:49  Marine  
  31  3:50  SCV  
  31  3:55  Supply Depot  
  33  3:59  Raven  
  33  4:02  SCV x2  
  37  4:07  Refinery  
  37  4:08  Starport Tech Lab  
  38  4:39  SCV  
  38  4:43  Orbital Command  
  38  4:46  Raven  
  38  4:52  SCV  
  41  4:55  Raven  
  43  5:02  Marine x2  
  43  5:04  SCV  
  46  5:16  SCV x2  
  46  5:20  Marine x2  
  50  5:21  Refinery  
  50  5:28  SCV x2  
  51  5:29  Viking  
  54  5:39  Marine  
  54  5:40  Marine  
  47  6:00  Raven  
  47  6:01  Viking  
  50  6:06  SCV  
  50  6:18  SCV  
  51  6:30  SCV, Raven  
  49  6:42  SCV  
  49  6:43  SCV, Viking  
  44  6:54  SCV  
  44  6:55  SCV  
  44  7:06  SCV  
  44  7:07  SCV  
  44  7:15  Marine x2  
  44  7:18  SCV  
  44  7:19  SCV  
  42  7:30  SCV  
  42  7:31  SCV  
  42  7:33  Raven, Marine x2  
  42  7:34  Raven  
  50  7:42  SCV  
  50  7:43  SCV  
  52  7:51  Marine x2  
  53  7:54  Refinery  
  54  8:03  Supply Depot  
  54  8:12  Supply Depot  
  54  8:24  SCV, Raven, Marine x2  
  59  8:28  Engineering Bay  
  59  8:36  SCV, Supply Depot  
  59  8:38  Raven  
  62  8:42  Marine x2  
  64  8:48  SCV  
  61  9:00  SCV, Marine x2, Supply Depot  
  56  9:13  SCV  
  57  9:17  Marine x2  
  57  9:18  Engineering Bay  
  59  9:25  SCV  
  60  9:35  Marine x2  
  60  9:36  Missile Turret  
  60  9:37  SCV  
  61  9:43  Missile Turret  
  61  9:49  SCV  
  62  9:53  Barracks, Marine x2  
  62  9:55  Barracks  
  62  9:56  Missile Turret  
  61  10:01  SCV  
Show
View Real Time Build Order
Export as new Build Order

AKMujahid Terran 

Build Orders:  

Get SALT Encoding   

  12  0:02  SCV  
  13  0:14  SCV  
  13  0:18  Supply Depot  
  14  0:26  SCV  
  15  0:40  SCV  
  15  0:41  Barracks  
  16  0:52  SCV  
  16  0:56  Barracks  
  17  1:09  Refinery, SCV  
  18  1:21  SCV  
  19  1:28  Marine  
  20  1:33  SCV  
  21  1:45  Supply Depot  
  21  1:46  Marine  
  21  1:47  Orbital Command  
  22  1:48  Marine  
  23  2:00  Refinery  
  23  2:06  Marine x2  
  23  2:07  Supply Depot  
  25  2:17  SCV  
  26  2:24  Marine  
  26  2:25  Marine  
  26  2:29  Factory  
  29  2:30  SCV  
  29  2:31  Supply Depot  
  29  2:42  SCV  
  30  2:47  Marine x2  
  32  3:05  Marine, Command Center  
  33  3:11  Barracks Tech Lab  
  33  3:16  Starport  
  33  3:23  Marine  
  34  3:30  Stimpack  
  34  3:32  SCV  
  35  3:44  SCV  
  35  3:47  Marine x2  
  38  3:56  SCV, Barracks  
  38  4:01  Medivac  
  41  4:05  Marine x2  
  43  4:10  Factory Reactor  
  43  4:17  Orbital Command  
  43  4:25  SCV  
  43  4:27  Supply Depot  
  43  4:31  Barracks  
  44  4:35  Marine x2  
  44  4:37  SCV  
  47  4:45  Marine  
  48  4:53  Marine x2  
  48  4:58  SCV x2  
  52  5:02  Supply Depot  
  52  5:03  Marine  
  53  5:09  Combat Shield  
  53  5:10  SCV  
  53  5:11  SCV  
  55  5:19  Medivac  
  55  5:20  Medivac  
  59  5:22  Marine x2  
  59  5:23  Marine x2  
  59  5:24  SCV  
  59  5:25  SCV  
  65  5:36  SCV  
  65  5:57  SCV x2  
  66  6:09  SCV x2  
  68  6:17  Medivac x2  
  72  6:21  SCV x2  
  72  6:22  Marine x3  
  72  6:23  Marine  
  70  6:40  Marine x2  
  60  7:06  Marine x3  
  55  7:17  Refinery  
  55  7:18  Refinery  
  55  7:24  Marine x3  
  55  7:25  SCV, Barracks  
  55  7:26  SCV  
  55  7:27  Barracks x2, Command Center  
  60  7:36  Viking x2  
  64  7:38  SCV x2, Siege Tank  
  64  7:42  Marine x4  
  73  7:49  Engineering Bay  
  73  7:50  Engineering Bay  
  73  7:59  SCV x2, Marine  
  73  8:00  Marine x2  
  78  8:08  Supply Depot  
  78  8:13  Supply Depot  
  78  8:15  SCV x2, Marine x4  
  78  8:17  Marine x2  
  78  8:18  Terran Infantry Armor Level 1, Armory, Terran Infantry Weapons Level 1  
  86  8:25  Marine, Medivac x2, Siege Tank  
  94  8:29  SCV x2  
  94  8:32  Marine x4  
  100  8:35  Marine  
  100  8:38  Planetary Fortress  
  101  8:44  SCV x2  
  103  8:56  SCV x2  
  103  8:58  Marine x3  
  103  9:00  Siege Tank  
  103  9:01  Marine x2  
  103  9:02  Marine x2  
  115  9:06  Liberator x2  
  121  9:14  SCV x2  
  121  9:15  SCV  
  121  9:16  Marine  
  125  9:22  Supply Depot  
  125  9:30  Supply Depot  
  125  9:31  Supply Depot  
  125  9:43  SCV, Marine x6  
Show
View Real Time Build Order
Export as new Build Order

Blinki Protoss 

Build Orders:  

Get SALT Encoding   

  12  0:01  Probe  
  13  0:14  Probe  
  14  0:22  Pylon  
  14  0:26  Probe  
  15  0:40  Probe  
  16  0:43  Gateway  
  16  0:52  Probe  
  17  1:06  Probe  
  17  1:10  Assimilator  
  18  1:14  Assimilator  
  18  1:18  Probe (Chrono Boost), Pylon  
  19  1:30  Probe (Chrono Boost)  
  20  1:35  Cybernetics Core  
  20  1:36  Probe (Chrono Boost)  
  21  1:44  Probe  
  22  1:56  Probe  
  23  2:08  Probe  
  23  2:15  Nexus  
  24  2:20  Probe  
  24  2:23  Stalker (Chrono Boost)  
  26  2:30  Stargate  
  26  2:33  Probe  
  27  2:44  Forge  
  27  2:48  Assimilator  
  27  3:06  Stargate  
  27  3:14  Probe  
  28  3:22  Photon Cannon  
  28  3:26  Probe  
  29  3:30  Void Ray  
  31  3:38  Probe  
  34  3:46  Void Ray  
  34  3:50  Warp Gate  
  34  3:51  Probe  
  39  3:59  Pylon  
  39  4:03  Probe  
  39  4:09  Assimilator  
  40  4:10  Probe  
  40  4:13  Void Ray  
  40  4:15  Probe  
  42  4:23  Probe  
  47  4:27  Probe  
  48  4:39  Probe, Void Ray  
  53  4:51  Probe  
  54  4:56  Photon Cannon  
  54  5:04  Pylon  
  54  5:08  Pylon  
  54  5:13  Pylon  
  54  5:22  Probe  
  54  5:28  Void Ray x2  
  55  5:34  Probe  
  64  5:46  Probe  
  65  5:58  Probe  
  64  6:29  Phoenix x2  
  68  6:36  Stargate  
  68  6:38  Stargate  
  68  6:40  Stargate  
  68  6:47  Fleet Beacon  
  68  6:49  Pylon  
  68  6:52  Pylon  
  68  7:23  Flux Vanes  
  68  7:29  Phoenix  
  70  7:30  Phoenix x3  
  70  7:31  Phoenix  
  78  7:49  Nexus  
  78  7:52  Assimilator  
  78  7:55  Assimilator  
  78  7:59  Pylon  
  78  8:00  Phoenix x3  
  78  8:02  Pylon  
  84  8:13  Probe  
  85  8:20  Photon Cannon  
  85  8:21  Anion Pulse-Crystals  
  85  8:24  Photon Cannon  
  85  8:25  Probe x2  
  85  8:26  Photon Cannon  
  87  8:37  Probe x2  
  87  8:39  Void Ray x3  
  101  8:49  Probe x2  
  99  9:04  Void Ray x2  
  103  9:15  Probe  
  108  9:27  Probe  
  107  9:39  Probe  
  108  9:51  Probe  
Tags
 
Add a new tag
Caveats
  • Supply blocks, unpowered buildings, or Contaminate may cause inaccurate times.
  • Supply counts are checked every 10 seconds.